 Dungeon Sprint DCSS version 0.21.1-1-g345015f (webtiles) character file.

4254 Fang the Warrior (level 10, -10/76 HPs)
             Began as a Gargoyle Berserker on May 21, 2018.
             Was the Champion of Trog.
             Mangled by a daeva
             ... wielding a +2 long sword of holy wrath
              (22 damage)
             ... in the Dungeon (Sprint V: "Ziggurat Sprint").
             The game lasted 00:04:20 (1023 turns).

Fang the Warrior (Gargoyle Berserker)               Turns: 1023, Time: 00:04:21

Health: -10/76     AC:  5    Str: 30    XL:     10   Next: 31%
Magic:  10/10      EV: 17    Int: 13    God:    Trog [******]
Gold:   0          SH:  3    Dex: 18    Spells: 9/9 levels left

rFire    . . .     SeeInvis .   I - +2 battleaxe (drain)
rCold    . . .     Gourm    .   (shield currently unavailable)
rNeg     + . .     Faith    .   B - +0 robe of the Shrike {*Contam *Corrode MR+++ Int+5}
rPois    ∞         Spirit   .   (no helmet)
rElec    +         Reflect  +   (no cloak)
rCorr    .         Harm     .   (no gloves)
MR       +++..     NoTele   +   (no boots)
Stlth    +.........             a - amulet "Vutabrad" {Reflect Dex+9 SH+3}
HPRegen  0.22/turn              G - ring of flight
MPRegen  0.12/turn              F - +6 ring of strength

@: corroded, berserk cooldown, slowed, glowing, very slow
A: negative energy resistance 1, electricity resistance, unbreathing,
petrification resistance, rot immunity, AC +7
a: Berserk, Trog's Hand, Brothers in Arms, Burn Spellbooks, Renounce Religion,
Evoke Flight


You were in the Dungeon.
You worshipped Trog.
Trog was exalted by your worship.
You were not hungry.

You visited 1 branch

Inventory:

Hand Weapons
 I - a +2 battleaxe of draining (weapon)
Armour
 B - the +0 robe of the Shrike (worn) {*Contam *Corrode MR+++ Int+5}
   (You found it in the Dungeon)

   It affects your intelligence (+5).
   It affects your resistance to hostile enchantments.
   It causes magical contamination when unequipped.
   It may corrode you when you take damage.
Jewellery
 a - the amulet "Vutabrad" (around neck) {Reflect Dex+9 SH+3}
   (You found it in the Dungeon)

   [amulet of reflection]

   It shields you and reflects attacks.
   It affects your dexterity (+9).
   It affects your SH (+3).
 b - the ring of Hesoof {rN++ Slay+3}
   (You took it off an orc wizard in the Dungeon)

   [ring of slaying]

   It affects your accuracy and damage with ranged weapons and melee attacks
   (+3).
   It greatly protects you from negative energy.
 F - a +6 ring of strength (right hand)
 G - a ring of flight (left hand)
Wands
 x - a wand of disintegration (7)
 y - a wand of iceblast (7)
 z - a wand of acid (7)
Scrolls
 i - 4 scrolls of blinking
 k - 4 scrolls of enchant weapon
 m - 7 scrolls of fog
 n - a scroll of holy word
 o - 5 scrolls of identify
 p - 5 scrolls of remove curse
 q - 2 scrolls of fear
 A - 4 scrolls of enchant armour
Potions
 d - 10 potions of curing
 e - 14 potions of heal wounds
 f - 6 potions of haste
 g - 7 potions of magic
 h - 3 potions of berserk rage
 r - 2 potions of brilliance
 s - 2 potions of invisibility
 t - 4 potions of resistance
 u - a potion of experience
 v - 5 potions of agility
 w - 5 potions of might
Miscellaneous
 C - 2 boxes of beasts
 D - a phial of floods
 E - a sack of spiders
 H - a lamp of fire
Comestibles
 c - 6 rations


   Skills:
 + Level 15.0 Fighting
 + Level 13.0(13.5) Axes
   Level 6.7(10.8) Polearms
 + Level 8.1 Armour
 + Level 6.8 Dodging
 + Level 3.1 Stealth


You had 9 spell levels left.
You didn't know any spells.

Dungeon Overview and Level Annotations

Branches:
Dungeon (1/1)

Altars:
Ashenzari
Cheibriados
Dithmenos
Elyvilon
Fedhas
Gozag
Hepliaklqana
Kikubaaqudgha
Makhleb
Nemelex Xobeh
Okawaru
Qazlal
Ru
Sif Muna
Trog
Uskayaw
Vehumet
Wu Jian
Xom
Yredelemnul
Zin
The Shining One
Beogh
Jiyva
Lugonu

Annotations:
D 1 transporter


Innate Abilities, Weirdness & Mutations

You are resistant to torment.
Your stone body is resilient. (AC +7)
You are immune to poison.
You resist negative energy. (rN+)
You are resistant to electric shocks. (rElec)
You can survive without breathing.
You are immune to petrification.
You are immune to rotting.


Message History

The daeva misses you.
Unknown command.
You are too injured to fight recklessly!
Unknown command.
You are too injured to fight recklessly!
You are no longer berserk.
You are exhausted.
You feel yourself slow down. The daeva blocks your attack.
The daeva is almost dead.
The daeva calls down the wrath of the Shining One upon you.
The Shining One smites you!
You hit the daeva.
The daeva is almost dead.
The daeva calls down the wrath of the Shining One upon you.
The Shining One smites you!
* * * LOW HITPOINT WARNING * * *
Your corrosive artefact corrodes you!
The daeva hits you with a long sword of holy wrath!!
You die...

▓...8©8...▓..8©8..▓
▓..}"}[:..▓..).)..▓
▓...:)[...▓....}..▓
▓.........▓.......▓
▓.........▓.......▓
▓.........▓.......▓
▓.........▓..†....▓
▓.▓...A.▓.▓.▓.).▓.▓
▓....©@)..▓...©...▓
▓▓▓▓▓▓▓▓▓▓▓▓▓▓▓▓▓▓▓


You could see a daeva.

Vanquished Creatures
  A thrashing horror (D)
  2 deep elf magi (D)
  3 draconians (D)
  A komodo dragon (shapeshifter) (D)
  A yaktaur (D)
  A jumping spider (D)
  A water elemental (D)
  A hell hound (D)
  An orc warrior (D)
  A necrophage (D)
  2 centaurs (D)
  3 scorpions (D)
  3 quasits (D)
  4 orc priests (D)
  2 orc wizards (D)
  2 shadow imps (D)
  A white imp (D)
  An adder skeleton (D)
  2 orcs (D)
  A bat skeleton (D)
  2 bat zombies (D)
  A giant cockroach zombie (D)
37 creatures vanquished.

Vanquished Creatures (others)
  A spatial maelstrom (D)
  A necrophage (D)
2 creatures vanquished.

Grand Total: 39 creatures vanquished

Notes
Turn   | Place    | Note
-------+----------+-------------------------------------------
     0 | D        | Found the +6 Majin-Bo {vamp, Archmagi MP+6 Int+6}
     0 | D        | Found the +7 great mace "Firestarter" {inner flame, rF++}
     0 | D        | Fang the Gargoyle Berserker began the quest for the Orb.
     0 | D        | Reached XP level 1. HP: 14/14 MP: 1/1
     3 | D        | Found a blossoming altar of Fedhas.
     4 | D        | Found a viscous altar of Jiyva.
     4 | D        | Found a hazy altar of Hepliaklqana.
     4 | D        | Found a transporter.
     4 | D        | Found an opulent altar of Gozag.
     4 | D        | Found an ancient bone altar of Kikubaaqudgha.
     4 | D        | Found a corrupted altar of Lugonu.
     9 | D        | Banished a spatial maelstrom
    10 | D        | Found a burning altar of Makhleb.
    11 | D        | Found a stormy altar of Qazlal.
    11 | D        | Found a sacrificial altar of Ru.
    11 | D        | Found an iron altar of Okawaru.
    11 | D        | Found a deep blue altar of Sif Muna.
    11 | D        | Found a sparkling altar of Nemelex Xobeh.
    11 | D        | Found a bloodstained altar of Trog.
    88 | D        | Entered arena 2.
    88 | D        | Noticed an orc priest
    88 | D        | Found a transporter.
    98 | D        | Killed an orc priest
    98 | D        | Reached skill level 5 in Fighting
    98 | D        | Reached XP level 2. HP: 17/21 MP: 2/2
    98 | D        | Reached XP level 3. HP: 22/26 MP: 3/3
   107 | D        | Got the amulet "Vutabrad" {Reflect Dex+9 SH+3}
   227 | D        | Entered arena 3.
   227 | D        | Noticed a draconian
   227 | D        | Noticed a draconian
   227 | D        | Noticed a draconian
   227 | D        | Found a transporter.
   234 | D        | Killed a draconian
   234 | D        | Reached ** piety under Trog
   234 | D        | Reached skill level 9 in Fighting
   234 | D        | Reached skill level 5 in Armour
   234 | D        | Reached XP level 4. HP: 37/37 MP: 4/4
   234 | D        | Reached XP level 5. HP: 42/42 MP: 5/5
   234 | D        | Reached XP level 6. HP: 48/48 MP: 6/6
   242 | D        | Killed a draconian
   242 | D        | Reached skill level 11 in Fighting
   242 | D        | Reached XP level 7. HP: 54/54 MP: 7/7
   256 | D        | Killed a draconian
   256 | D        | Reached skill level 12 in Fighting
   256 | D        | Reached skill level 5 in Polearms
   256 | D        | Reached XP level 8. HP: 45/60 MP: 8/8
   264 | D        | Reached *** piety under Trog
   317 | D        | Entered arena 4.
   317 | D        | Noticed a jumping spider
   317 | D        | Found a transporter.
   325 | D        | Killed a jumping spider
   325 | D        | Reached skill level 10 in Axes
   325 | D        | Reached skill level 5 in Dodging
   327 | D        | Reached **** piety under Trog
   345 | D        | Reached ***** piety under Trog
   352 | D        | Got the +0 robe of the Shrike {*Contam *Corrode MR+++ Int+5}
   382 | D        | Entered arena 5.
   382 | D        | Noticed a yaktaur
   382 | D        | Noticed a yaktaur
   382 | D        | Found a transporter.
   391 | D        | Killed a yaktaur
   391 | D        | Reached skill level 13 in Fighting
   391 | D        | Reached XP level 9. HP: 48/68 MP: 9/9
   576 | D        | Entered arena 6.
   576 | D        | Found a transporter.
   584 | D        | Received a gift from Trog
   600 | D        | Entered arena 7.
   600 | D        | Noticed a deep elf mage
   600 | D        | Noticed a dire flail of protection
   600 | D        | Noticed a komodo dragon
   600 | D        | Noticed a deep elf mage
   602 | D        | Found a transporter.
   606 | D        | Killed a komodo dragon
   606 | D        | Reached skill level 1 in Stealth
   608 | D        | Killed a deep elf mage
   608 | D        | Reached skill level 14 in Fighting
   610 | D        | Killed a deep elf mage
   741 | D        | Entered arena 8.
   742 | D        | Found a transporter.
   745 | D        | Received a gift from Trog
   745 | D        | Reached XP level 10. HP: 76/76 MP: 10/10
   775 | D        | Entered arena 9.
   776 | D        | Found a transporter.
   781 | D        | Reached ****** piety under Trog
   781 | D        | Received a gift from Trog
   795 | D        | Got the ring of Hesoof {rN++ Slay+3}
  1004 | D        | Entered arena 10.
  1004 | D        | Noticed a daeva
  1004 | D        | Noticed a thrashing horror
  1005 | D        | Found a transporter.
  1010 | D        | Killed a thrashing horror
  1010 | D        | Received a gift from Trog
  1015 | D        | Reached skill level 15 in Fighting
  1023 | D        | Mangled by a daeva

Skill      XL: |  1  2  3  4  5  6  7  8  9 10 |
---------------+-------------------------------+-----
Axes           | 4 8 9 10 12 13 | 13.0
Fighting       | 5 9 11 12 13 14 15 | 15.0
Armour         | 3 5 6 7 8 |  8.1
Dodging        | 2 3 4 5 6 |  6.8
Polearms       | 2 4 5 6 |  6.7
Stealth        | 2 3 |  3.1

Action                   |  1- 3 |  4- 6 |  7- 9 | 10-12 || total
-------------------------+-------+-------+-------+-------++-------
Melee: Demon trident     |    12 |     8 |    25 |       ||    45
       War axe           |       |       |    23 |     3 ||    26
       Battleaxe         |       |       |       |    23 ||    23
Invok: Berserk           |     2 |       |     3 |     2 ||     7
       Burn Spellbooks   |       |       |     2 |     1 ||     3
  Eat: Ration            |       |       |     1 |       ||     1
       Chunk             |       |       |     1 |     2 ||     3
Armor: Shadow dragon sca |     6 |     4 |     8 |       ||    18
       Robe              |       |       |     6 |     5 ||    11
Dodge: Dodged            |     6 |     6 |    32 |    21 ||    65
Block: Other             |     1 |       |     9 |     3 ||    13
       Reflection        |       |       |     3 |       ||     3
